 Dungeon Crawl Stone Soup version 0.30-a0-40-gc6d0f036a7 (webtiles) character file.

Game seed: 15583045196448878578

3252 ytrimaz the Nimble (level 9, -2/63 HPs)
             Began as an Octopode Transmuter on Aug 29, 2022.
             Was an Initiate of Ashenzari.
             Slain by a killer bee (8 damage)
             ... on level 7 of the Dungeon.
             The game lasted 00:07:40 (10164 turns).

ytrimaz the Nimble (Octopode Transmuter)           Turns: 10164, Time: 00:07:40

Health: -2/63      AC:  8    Str:  9    XL:     9   Next: 99%
Magic:  14/17      EV: 13    Int: 20    God:    Ashenzari [......]
Gold:   389        SH:  0    Dex: 12    Spells: 9/19 levels left

rFire   . . .      SeeInvis .      - Unarmed
rCold   + + +      Faith    .    (shield currently unavailable)
rNeg    . . .      Spirit   .    (helmet currently unavailable)
rPois   +          Reflect  .    (no amulet)
rElec   .          Harm     .    s - ring of protection from fire
rCorr   .          Rampage  .    (no ring)
Will    .....                    (no ring)
Stlth   +.........               (no ring)
HPRegen 0.20/turn                (no ring)
MPRegen 0.15/turn                (no ring)
                                 (no ring)
                                 (no ring)

@: mighty, lethally poisoned (-2 -> -12), ice-form
A: freezing attack, boosted hp, almost no armour, amphibious, 8 rings, large,
(camouflage 1), (gelatinous body 1), (nimble swimmer 1), (tentacles)
a: End Transformation, Renounce Religion


You were on level 7 of the Dungeon.
You worshipped Ashenzari.
Ashenzari was noncommittal.
You were a creature of crystalline ice.
You visited 2 branches of the dungeon, and saw 8 of its levels.

You collected 389 gold pieces.

Inventory:

Jewellery
 s - a ring of protection from fire (left front paw)
Wands
 d - a wand of mindburst (6)
 i - a wand of flame (29) (quivered)
 m - a wand of polymorph (6)
Scrolls
 a - 3 scrolls of teleportation
 c - a scroll of brand weapon
 g - a scroll of amnesia
 p - a scroll of enchant armour
Potions
 b - a potion of resistance
 e - a potion of attraction
 f - a potion of heal wounds
 h - 3 potions of flight
 k - a potion of curing
 l - a potion of brilliance {unknown}
 n - a potion of lignification
 o - 2 potions of magic {unknown}
 t - 2 potions of haste {unknown}


   Skills:
 - Level 1.0 Fighting
 * Level 9.4 Dodging
 - Level 3.0 Unarmed Combat
 + Level 5.9 Spellcasting
 + Level 6.3 Transmutations
 - Level 4.0 Ice Magic
 - Level 4.0 Poison Magic


You had 9 spell levels left.
You knew the following spells:

 Your Spells              Type           Power      Damage    Failure   Level
a - Beastly Appendage     Tmut           62%        N/A       1%          1
b - Wereblood             Tmut           31%        N/A       1%          2
c - Spider Form           Tmut/Pois      26%        N/A       3%          3
d - Ice Form              Ice/Tmut       26%        N/A       12%         4

Your spell library contained the following spells:

 Spells                   Type           Power      Damage    Failure   Level
 Poisonous Vapours        Pois/Air       26%        N/A       7%          2
 Tukima's Dance           Hex            5%         N/A       32%         3
 Corpse Rot               Necr/Pois/Air  11%        N/A       52%         4
 Yara's Violent Unravell  Hex/Tmut       9%         3d6       61%         5
 Passage of Golubria      Tloc           5%         N/A       71%         4


Dungeon Overview and Level Annotations

Branches:
Dungeon (7/15)             Temple (1/1) D:7

Altars:
Ashenzari
Cheibriados
Elyvilon
Fedhas
Gozag
Hepliaklqana
Makhleb
Nemelex Xobeh
Okawaru
Qazlal
Ru
Sif Muna
Uskayaw
Vehumet
Xom
Yredelemnul
Zin
The Shining One


Innate Abilities, Weirdness & Mutations

You are a creature of crystalline ice.
You have a powerful freezing melee attack.
Your maximum health is increased.
Your armour is entirely melded.
You are incapable of wielding weapons or throwing items.
You cannot wear most types of armour.
You are amphibious.
You can wear up to eight rings at the same time.
((Your skin changes colour to match your surroundings (Stealth+).))
((Your rubbery body absorbs attacks. (AC +1, EV +1)))
((You are camouflaged when in or above water. (Stealth+)))
((You have tentacles for arms and can constrict up to eight enemies at once.))


Message History

You hit the killer bee but do no damage.
The killer bee is lightly wounded.
The killer bee stings you but does no damage.
The killer bee barely misses you.
The killer bee stings you but does no damage.
The killer bee barely misses you.
You punch the killer bee! You freeze the killer bee.
The killer bee is almost dead.
The killer bee misses you. The killer bee closely misses you.
The killer bee stings you. x2
You barely miss the killer bee.
The killer bee is almost dead.
The killer bee stings you! The killer bee closely misses you. x2
The killer bee barely misses you.
You barely miss the killer bee.
The killer bee is almost dead.
The killer bee stings you but does no damage.
The killer bee stings you.
You are poisoned.
The killer bee poisons you! The killer bee stings you! x2
* * * LOW HITPOINT WARNING * * *
You feel sick. The killer bee stings you.
* * * LOW HITPOINT WARNING * * *
You feel better. The killer bee barely misses you.
The killer bee stings you but does no damage.
You feel very mighty all of a sudden. The killer bee closely misses you. x2
You barely miss the killer bee.
The killer bee is almost dead.
The killer bee stings you.
* * * LOW HITPOINT WARNING * * *
The killer bee misses you.
You hit the killer bee. You freeze the killer bee.
You kill the killer bee!
The killer bee closely misses you.
You barely miss the killer bee. The killer bee stings you.
* * * LOW HITPOINT WARNING * * *
You are lethally poisoned!
The killer bee poisons you! The killer bee stings you!
You die...

#.. ... .. .. ###Y# #Y#.# ##.
#y#.#..... ###.'....... >#
#...###.###.###.# ###### #...#
....#.# .(...####### #...#
#.#.#.# ####.......# #...#
#.#...#
####.....#.###...#######.#.#.#
...'.....................#.#.#


You could see a killer bee.

Vanquished Creatures
  Pikel (D:6)
  Grinder (D:3)
  Eustachio (D:6)
  A steam dragon (D:7)
  Edmund (D:6)
  A water moccasin (D:5)
  5 ice beasts
  5 ogres
  A centaur (D:7)
  A lemure (D:6)
  A phantom (D:5)
  2 bullfrogs (D:7)
  A necrophage (D:5)
  2 gnoll sergeants (D:6)
  2 scorpions
  3 killer bees (D:7)
  A jelly (D:4)
  A hound (D:6)
  5 iguanas
  An orc wizard (D:5)
  13 gnolls
  6 adders
  A shadow imp (D:6)
  2 white imps (D:6)
  2 ufetubi
  A worm (D:4)
  3 dart slugs
  18 orcs
  7 bats
  4 endoplasms
  3 giant cockroaches
  A goblin (D:2)
  7 hobgoblins
  5 jackals
  9 kobolds
  5 quokkas
  12 ball pythons
  A frilled lizard (D:3)
  12 rats
149 creatures vanquished.

Vanquished Creatures (others)
  A plant (D:1)
1 creature vanquished.

Grand Total: 150 creatures vanquished

Notes
Turn   | Place    | Note
-------+----------+-------------------------------------------
     0 | D:1      | ytrimaz the Octopode Transmuter began the quest for the
                  | Orb.
     0 | D:1      | Reached XP level 1. HP: 13/13 MP: 3/3
   442 | D:1      | Reached XP level 2. HP: 18/18 MP: 3/5
   581 | D:1      | Reached skill level 3 in Dodging
   677 | D:1      | Reached XP level 3. HP: 12/23 MP: 6/6
   680 | D:1      | Learned a level 2 spell: Wereblood
   684 | D:1      | Learned a level 3 spell: Spider Form
  1557 | D:2      | Identified the +1 ring mail of Okawaru, Kissing {Rampage
                  | rF+++ Str-2 Stlth-}
  1584 | D:2      | Found a glowing golden altar of the Shining One.
  1601 | D:2      | Reached skill level 1 in Poison Magic
  1904 | D:2      | Reached XP level 4. HP: 28/28 MP: 5/7
  1929 | D:2      | Found a faded altar of an unknown god.
  2130 | D:3      | Noticed Grinder
  2146 | D:3      | Killed Grinder
  2147 | D:3      | Reached skill level 4 in Dodging
  2147 | D:3      | Reached XP level 5. HP: 18/33 MP: 7/9
  2147 | D:3      | Reached XP level 6. HP: 21/38 MP: 7/10
  3231 | D:3      | Learned a level 4 spell: Ice Form
  3660 | D:4      | Reached skill level 5 in Dodging
  3660 | D:4      | Reached XP level 7. HP: 39/43 MP: 7/11
  3725 | D:4      | Reached skill level 1 in Ice Magic
  4237 | D:4      | Identified the +1 shortbow of Watchfulness {venom, rPois
                  | rF+ rC+ Int+2}
  4258 | D:4      | Found a white marble altar of Elyvilon.
  4444 | D:5      | Entered Level 5 of the Dungeon
  4899 | D:5      | Reached XP level 8. HP: 17/48 MP: 5/13
  4902 | D:5      | Reached skill level 6 in Dodging
  6384 | D:6      | Noticed Edmund
  6398 | D:6      | Killed Edmund
  6400 | D:6      | Noticed Pikel
  6431 | D:6      | Killed Pikel
  6432 | D:6      | Reached skill level 7 in Dodging
  6432 | D:6      | Reached XP level 9. HP: 23/53 MP: 5/15
  6679 | D:6      | Reached skill level 5 in Transmutations
  7405 | D:6      | Found a snail-covered altar of Cheibriados.
  7407 | D:6      | Found a radiant altar of Vehumet.
  7407 | D:6      | Found a white marble altar of Elyvilon.
  7418 | D:6      | Found a shadowy altar of Dithmenos.
  7418 | D:6      | Found a shimmering altar of Xom.
  7418 | D:6      | Found a blossoming altar of Fedhas.
  7629 | D:6      | Reached skill level 5 in Spellcasting
  7739 | D:6      | Reached skill level 8 in Dodging
  7974 | D:6      | Noticed Eustachio
  7993 | D:6      | Killed Eustachio
  9324 | D:7      | Reached skill level 9 in Dodging
  9604 | D:7      | Found a staircase to the Ecumenical Temple.
  9747 | Temple   | Entered the Ecumenical Temple
  9843 | Temple   | Became a worshipper of Ashenzari the Shackled
 10164 | D:7      | Slain by a killer bee

Illustrated notes

Levels and vault maps discovered:
D:1:      ebering_trefoil_twist, layout_loops_ring, serial_forest,
          infiniplex_forest_clump_double, infiniplex_forest_corner_1,
          infiniplex_forest_split, infiniplex_forest_clump_long,
          infiniplex_forest_diagonal, infiniplex_forest_lined_1
D:2:      layout_basic, basic_ecumenical_altar, minmay_hexomino_r4
D:3:      layout_basic, uniq_grinder
D:4:      layout_cave_pools, mainiacjoe_overflow_brackets
D:5:      layout_loops_ring, item_on_display_a
D:6:      layout_loops_ring, doesnt_xom_only_xom, uniq_eustachio, uniq_edmund,
          uniq_pikel
D:7:      layout_basic, minmay_temple_entry_waves, bh_walls_and_bars
Temple:   lightli_temple_of_artemis

Skill      XL: |  1  2  3  4  5  6  7  8  9 |
---------------+----------------------------+-----
Dodging        | 3 4 5 7 9 |  9.4
Poison Magic   | 1 3 4 |  4.0
Transmutations | 3 4 6 |  6.3
Spellcasting   | 3 4 5 |  5.9
Ice Magic      | 3 4 |  4.0
Fighting       | |  1.0
Unarmed Combat | |  3.0

Action                   |  1- 3 |  4- 6 |  7- 9 || total
-------------------------+-------+-------+-------++-------
Melee: Unarmed           |    96 |   117 |   376 ||   589
       Constrict         |    27 |    12 |     4 ||    43
       Tentacles         |    13 |    12 |     6 ||    31
       Kick              |    14 |     6 |       ||    20
       Punch             |     3 |       |     1 ||     4
 Cast: Beastly Appendage |    15 |    10 |     1 ||    26
       Spider Form       |     1 |    12 |    28 ||    41
       Ice Form          |       |       |    11 ||    11
       Wereblood         |       |       |     5 ||     5
 Abil: End Transformatio |       |       |     1 ||     1
  Use: Scroll            |     2 |     5 |     6 ||    13
       Potion            |       |     1 |     6 ||     7
 Stab: Sleeping          |     4 |     4 |     2 ||    10
       Distracted        |       |     1 |       ||     1
Armor: Skin              |     7 |    14 |    47 ||    68
Dodge: Dodged            |    69 |    93 |   381 ||   543

Table legend: (Time is in decaauts)
 A = Elapsed time spent in this place.
 B = Non-inter-level travel time spent in this place.
 C = Inter-level travel time spent in this place.
 D = Time resting spent in this place.
 E = Time spent auto-exploring this place.
 F = Levels seen in this place.
 G = Mean time per level.
                   A        B        C        D        E       F      G
               +--------+--------+--------+--------+--------+-----+--------+
         Total |  10129 |   9910 |    219 |    508 |   7922 |   8 | 1266.1 |
       Dungeon |  10021 |   9819 |    202 |    508 |   7839 |   7 | 1431.6 |
        Temple |    107 |     90 |     17 |      0 |     83 |   1 |  107.0 |
               +--------+--------+--------+--------+--------+-----+--------+

Top non-repeatable levels by time:
     D:6: 2255 daAuts
     D:5: 2157 daAuts
     D:1: 1371 daAuts
     D:4: 1208 daAuts
     D:7: 1179 daAuts
     D:3: 1126 daAuts
     D:2: 724 daAuts
  Temple: 107 daAuts
